 Dungeon Crawl Stone Soup version 0.31-a0-965-g8a8ce12e04 (webtiles) character file.

Game seed: 311861920795214197

6885 Dordric the Severer (level 11, -2/82 HPs)
             Began as a Hill Orc Monk on Oct 27, 2023.
             Was a Priest of Makhleb.
             Succumbed to a hornet's poison
             ... on level 10 of the Dungeon.
             The game lasted 00:07:38 (7881 turns).

Dordric the Severer (Hill Orc Monk)                 Turns: 7881, Time: 00:07:39

Health: -2/82      AC: 11    Str: 19    XL:     11   Next: 6%
Magic:  18/18      EV:  5    Int: 10    God:    Makhleb [***...]
Gold:   513        SH:  4    Dex: 13    Spells: 10/10 levels left

rFire   + . .        t - +5 war axe of the Lair of Beasts {spect, rC+}
rCold   + . .        M - +0 buckler
rNeg    . . .        g - +0 plate armour
rPois   .            (no helmet)
rElec   .            (no cloak)
rCorr   .            j - +0 pair of gloves
SInv    .            (no boots)
Will    +....        (no amulet) Stlth
                     e - ring of protection from fire
HPRegen 0.33/turn    u - ring of willpower
MPRegen 0.16/turn

%: no passive effects
@: lethally poisoned (-2 -> -15), hasted and slowed, studying Unarmed Combat
A: no striking features
a: Renounce Religion, Minor Destruction, Lesser Servant of Makhleb


You were on level 10 of the Dungeon.
You worshipped Makhleb.
Makhleb was most pleased with you.
You visited 2 branches of the dungeon, and saw 11 of its levels.

You collected 513 gold pieces.

Inventory:

Hand Weapons
 a - a +0 hand axe
 t - the +5 war axe of the Lair of Beasts (weapon) {spect, rC+}
   (You found it on level 3 of the Dungeon)

   rC+:       It protects you from cold.
Missiles
 K - a throwing net
Armour
 b - a +0 robe
 d - an orb of light
 g - a +0 plate armour (worn)
 j - a +0 pair of gloves (worn)
 M - a +0 buckler (worn)
Jewellery
 e - a ring of protection from fire (left hand)
 l - a ring of fire
 u - a ring of willpower (right hand)
 B - an amulet of regeneration
 N - an amulet of faith
Wands
 w - a wand of polymorph (3)
 C - a wand of charming (9)
 E - a wand of roots (25)
 L - a wand of mindburst (4)
Scrolls
 f - 2 scrolls of fog {unknown}
 h - 2 scrolls of noise {unknown}
 n - 2 scrolls of revelation {unknown}
 p - 2 scrolls of identify {unknown}
 q - a scroll of enchant armour {unknown}
 r - 4 scrolls of teleportation {unknown}
 s - a scroll of torment {unknown}
 v - 2 scrolls of poison {unknown}
 x - 3 scrolls of immolation {unknown}
 y - 2 scrolls of blinking {unknown}
 A - a scroll of fear {unknown}
 F - 2 scrolls of amnesia {unknown}
 G - a scroll of vulnerability {unknown}
Potions
 c - a potion of ambrosia
 i - a potion of degeneration {unknown}
 k - 2 potions of attraction {unknown}
 m - 2 potions of haste
 o - 2 potions of invisibility {unknown}
 z - 2 potions of enlightenment {unknown}
 D - 2 potions of curing {unknown}
 H - 3 potions of might {unknown}
 I - a potion of heal wounds {unknown}
 J - a potion of berserk rage {unknown}


   Skills:
 - Level 3.6 Fighting
 + Level 18.9 Axes
 - Level 2.4 Dodging
 + Level 9.7 Invocations


You had 10 spell levels left.
You didn't know any spells.
Your spell library contained the following spells:

 Spells                   Type           Power      Damage    Failure   Level
 Passage of Golubria      Tloc           0%         N/A       100%        4
 Alistair's Intoxication  Tmut/Pois      0%         N/A       100%        5
 Borgnjor's Vile Clutch   Necr/Erth      0%         N/A       100%        5
 Silence                  Hex/Air        0%         N/A       100%        5
 Eringya's Noxious Bog    Tmut/Pois      0%         4d6       100%        6
 Lehudib's Crystal Spear  Conj/Erth      0%         10d2      100%        8


Dungeon Overview and Level Annotations

Branches:
Dungeon (10/15)            Temple (1/1) D:7            Lair (0/5) D:8
    Orc (0/2) D:10

Altars:
Ashenzari
Cheibriados
Dithmenos
Elyvilon
Fedhas
Gozag
Hepliaklqana
Kikubaaqudgha
Makhleb
Nemelex Xobeh
Okawaru
Qazlal
Ru
Sif Muna
Trog
Uskayaw
Vehumet
Wu Jian
Xom
Yredelemnul
Zin
The Shining One

Shops:
D:3 [?[*:   D:5 (   D:6 *

Annotations:
D:10 Fannar


Message History

You slice the hornet!!
The hornet is heavily wounded.
The hornet stings you but does no damage.
You barely miss the hornet.
The hornet is heavily wounded.
The hornet stings you.
You suddenly lose the ability to move!
The hornet stings you!
* * * LOW HITPOINT WARNING * * *
You feel yourself slow down. The hornet stings you.
* * * LOW HITPOINT WARNING * * *
You feel as though you will be slow longer.
You can move again.
Unknown command.
You are confused.
You feel invigorated. The hornet barely misses you.
The hornet closely misses you.
You bump into the tree.
You feel less invigorated.
You feel less confused. You block the hornet's attack. The hornet stings you!
* * * LOW HITPOINT WARNING * * *
You feel as though you will be slow longer.
The hornet stings you.
* * * LOW HITPOINT WARNING * * *
You are poisoned.
You shrug off the repeated paralysis!
Unknown command.
You hit the hornet.
The hornet is heavily wounded.
You feel very sick. You block the hornet's attack.
You slash the hornet!
The hornet is severely wounded.
You feel sick. The hornet stings you!
* * * LOW HITPOINT WARNING * * *
You are more poisoned.
You feel as though you will be slow longer.
You block the hornet's attack.
It was a potion of haste.
You feel yourself speed up.
You die...

#.# #.# # # #.# .♣. #.#
♣.♣ #.# #######.######
######.# ....e.{{...:.♣
#......# ♣y♣ #.......
♣@♣ #....... ♣.♣
#......# ♣.♣ #......#
#######.#########.######
................#.#
###########.......#
#########


You could see a hornet.

Vanquished Creatures
  A two-headed ogre (D:9)
  Pikel (D:8)
  A deep elf pyromancer (D:8)
  A troll (D:10)
  A wraith (D:9)
  A wyvern (D:5)
  4 yaks
  A steam dragon (D:8)
  2 acid dragons
  3 orc warriors
  3 sky beasts
  2 black bears
  3 ice beasts
  3 ogres
  3 centaurs
  A lemure (D:8)
  3 phantoms
  2 kobold brigands
  6 bullfrogs
  A gnoll sergeant (D:8)
  2 scorpions (D:6)
  4 wights
  8 killer bees
  A howler monkey (D:8)
  A lava snake (D:9)
  4 hounds
  3 orc priests (D:8)
  A gnoll bouda (D:7)
  Terence (D:2)
  An iguana (D:6)
  2 orc wizards
  A sleepcap (D:8)
  13 gnolls
  6 adders
  3 shadow imps
  2 white imps
  2 worms (D:2)
  2 dart slugs
  12 orcs
  4 ball pythons
  7 bats
  7 endoplasms
  5 giant cockroaches
  3 goblins
  2 jackals (D:5)
  21 kobolds
  5 quokkas
  5 frilled lizards
  4 rats (D:1)
175 creatures vanquished.

Vanquished Creatures (collateral kills)
  A kobold brigand (D:9)
  2 wights (D:9)
  2 killer bees (D:9)
  3 kobolds (D:9)
8 creatures vanquished.

Grand Total: 183 creatures vanquished

Notes
Turn   | Place    | Note
-------+----------+-------------------------------------------
     0 | D:1      | Dordric the Hill Orc Monk began the quest for the Orb.
     0 | D:1      | Reached XP level 1. HP: 19/19 MP: 1/1
   298 | D:1      | Reached XP level 2. HP: 26/26 MP: 2/2
   442 | D:1      | Found a faded altar of an unknown god.
   501 | D:1      | Reached skill level 5 in Axes
   810 | D:1      | Reached XP level 3. HP: 30/31 MP: 3/3
   856 | D:2      | Reached skill level 6 in Axes
  1062 | D:2      | Reached XP level 4. HP: 24/39 MP: 4/4
  1212 | D:2      | You fall into a shaft and drop 1 floor!
  1219 | D:3      | Found Durate's General Store.
  1262 | D:3      | Found Cowicveb's Book Boutique.
  1345 | D:2      | Noticed Terence
  1358 | D:2      | Killed Terence
  1359 | D:2      | Reached skill level 7 in Axes
  1521 | D:2      | Reached XP level 5. HP: 45/45 MP: 5/5
  1827 | D:3      | Found a basalt altar of Yredelemnul.
  1907 | D:3      | Found Ziarchez's Armour Shoppe.
  1932 | D:3      | Found Sem Teev's Magic Scroll Shop.
  1955 | D:3      | Found Roys's Armour Shoppe.
  1956 | D:3      | Identified the +5 war axe of the Lair of Beasts {spect,
                  | rC+}
  2337 | D:4      | Noticed a phantom
  2343 | D:4      | Killed a phantom
  2344 | D:4      | Reached skill level 8 in Axes
  2373 | D:4      | Found a snail-covered altar of Cheibriados.
  2373 | D:4      | Found a shadowy altar of Dithmenos.
  2449 | D:4      | Found a sparkling altar of Nemelex Xobeh.
  2469 | D:4      | Noticed an ogre
  2479 | D:4      | Killed an ogre
  2480 | D:4      | Reached skill level 9 in Axes
  2480 | D:4      | Reached XP level 6. HP: 51/51 MP: 6/6
  2719 | D:4      | Found a sacrificial altar of Ru.
  2723 | D:4      | Found an iron altar of Okawaru.
  2727 | D:4      | Found an ornate altar of the Wu Jian Council.
  2731 | D:4      | Found a hide-covered altar of Uskayaw.
  3050 | D:5      | Entered Level 5 of the Dungeon
  3096 | D:5      | Reached skill level 10 in Axes
  3096 | D:5      | Reached XP level 7. HP: 45/57 MP: 7/7
  3103 | D:5      | Noticed a wyvern
  3116 | D:5      | Killed a wyvern
  3117 | D:5      | Reached skill level 11 in Axes
  3266 | D:5      | Reached skill level 12 in Axes
  3266 | D:5      | Reached XP level 8. HP: 48/64 MP: 8/8
  3599 | D:5      | Reached skill level 13 in Axes
  3639 | D:5      | Found Guitraxt's Weapon Shoppe.
  3788 | D:5      | Found a shimmering altar of Xom.
  3788 | D:5      | Found a shimmering altar of Xom.
  3789 | D:5      | Found a shimmering altar of Xom.
  3789 | D:5      | Found a shimmering altar of Xom.
  3978 | D:5      | Found a shimmering blue altar of Sif Muna.
  4355 | D:6      | Noticed a yak
  4361 | D:6      | Killed a yak
  4362 | D:6      | Reached skill level 14 in Axes
  4519 | D:6      | Reached XP level 9. HP: 70/70 MP: 9/9
  4598 | D:6      | Reached skill level 15 in Axes
  4632 | D:6      | Found Seduocs's General Store.
  5192 | D:7      | Reached skill level 16 in Axes
  5427 | D:7      | Found a staircase to the Ecumenical Temple.
  5599 | Temple   | Entered the Ecumenical Temple
  5606 | Temple   | Became a worshipper of Makhleb the Destroyer
  5606 | Temple   | Reached * piety under Makhleb
  5606 | Temple   | Reached ** piety under Makhleb
  5716 | D:8      | Reached skill level 1 in Invocations
  5905 | D:8      | Noticed a deep elf pyromancer
  5918 | D:8      | Killed a deep elf pyromancer
  5919 | D:8      | Reached skill level 17 in Axes
  5919 | D:8      | Reached XP level 10. HP: 70/77 MP: 10/13
  5960 | D:8      | Reached skill level 5 in Invocations
  6113 | D:8      | Noticed Pikel
  6120 | D:8      | Killed Pikel
  6477 | D:8      | Found a staircase to the Lair.
  6639 | D:8      | Reached skill level 18 in Axes
  6686 | D:8      | Found a glowing silver altar of Zin.
  6686 | D:8      | Noticed an angel
  6941 | D:9      | Reached *** piety under Makhleb
  7002 | D:9      | Noticed a two-headed ogre
  7008 | D:9      | Killed a two-headed ogre
  7291 | D:9      | Found a blossoming altar of Fedhas.
  7507 | D:10     | Entered Level 10 of the Dungeon
  7515 | D:10     | Found a staircase to the Orcish Mines.
  7561 | D:10     | Reached XP level 11. HP: 39/82 MP: 16/18
  7849 | D:10     | Noticed Fannar
  7875 | D:10     | Paralysed by a hornet for 1 turns
  7880 | D:10     | HP: 3/82 [hornet (11)]
  7881 | D:10     | Succumbed to a hornet's poison

Illustrated notes

Levels and vault maps discovered:
D:1:      mrwooster_arrival_statue, layout_loops_cross,
          dreamdust_ecumenical_altar_hidden_monk_grotto, minmay_statues_item
D:2:      layout_loops_ring, uniq_terence
D:3:      layout_loops_cross, mainiacjoe_overflow_boulevard, serial_shops,
          nicolae_shop_rolling_square, nicolae_book_shop_shelving, shop,
          nicolae_shop_waterfront, shop
D:4:      layout_cave_pods, nicolae_overflow_macrodata_refinement,
          nemelex_spade_bored_becter, nicolae_overflow_two_pavilions
D:5:      layout_loops_ring, lemuel_blue_sif_altar, xom_redecorated,
          serial_shops, nicolae_shop_advertising_works
          [nicolae_subvault_shop_adworks], minmay_manual_monstrance
D:6:      layout_loops_corners, serial_shops, nicolae_shop_peninsula,
          st_stairs_10, abandoned_shop
D:7:      layout_gridville, temple_hall, hangedman_decor_peaks_small
D:8:      layout_basic, zin_angel, lair_entry_dummy, uniq_pikel
D:9:      layout_rooms, kennysheep_little_box, kennysheep_flooded_box
D:10:     nzn_winding_woodlands_cross [nzn_winding_woodlands_5x15_parted,
          nzn_winding_woodlands_5x15_pool, nzn_winding_woodlands_5x15_garden,
          nzn_winding_woodlands_5x15_pockets,
          nzn_winding_woodlands_15x15_five_gardens], layout_basic, orc_0_dummy,
          uniq_amaemon, uniq_fannar
Temple:   hellmonk_temple_micro_hex

Skill      XL: |  1  2  3  4  5  6  7  8  9 10 |
---------------+-------------------------------+-----
Axes           | 5 6 7 9 10 12 14 17 18 | 18.9
Invocations    | 4 9 |  9.7
Fighting       | |  3.6
Dodging        | |  2.4

Action                     |  1- 3 |  4- 6 |  7- 9 | 10-12 || total
---------------------------+-------+-------+-------+-------++-------
  Melee: Hand axe          |   103 |    72 |       |       ||   175
         War axe           |       |    23 |   131 |   137 ||   291
 Invoke: Minor Destruction |       |       |       |    14 ||    14
         Lesser Servant of |       |       |       |     1 ||     1
    Use: Potion            |       |       |       |     2 ||     2
   Stab: Distracted        |       |       |       |     4 ||     4
 Armour: Robe              |     3 |       |       |       ||     3
         Plate armour      |    93 |    74 |   113 |    95 ||   375
  Dodge: Dodged            |    35 |    27 |    18 |    28 ||   108
  Block: Buckler           |       |       |       |    18 ||    18

Table legend: (Time is in decaauts)
 A = Elapsed time spent in this place.
 B = Non-inter-level travel time spent in this place.
 C = Inter-level travel time spent in this place.
 D = Time resting spent in this place.
 E = Time spent auto-exploring this place.
 F = Levels seen in this place.
 G = Mean time per level.
                   A        B        C        D        E       F      G
               +--------+--------+--------+--------+--------+-----+--------+
         Total |   7822 |   7453 |    369 |      0 |   6412 |  11 |  711.1 |
       Dungeon |   7807 |   7439 |    368 |      0 |   6412 |  10 |  780.7 |
        Temple |     14 |     14 |      0 |      0 |      0 |   1 |   14.0 |
               +--------+--------+--------+--------+--------+-----+--------+

Top non-repeatable levels by time:
     D:8: 1058 daAuts
     D:5: 979 daAuts
     D:6: 912 daAuts
     D:2: 841 daAuts
     D:1: 840 daAuts
     D:9: 759 daAuts
     D:4: 756 daAuts
     D:7: 680 daAuts
     D:3: 613 daAuts
    D:10: 365 daAuts
  Temple: 14 daAuts
